 Dungeon Crawl Stone Soup version 0.29-a0-1027-gcd8c55af63 (webtiles) character file.

Game seed: 4879242378298368897

50 vineage the Covered (level 3, -4/24 HPs)
             Began as a Gargoyle Fighter on Aug 12, 2022.
             Slain by a gnoll
             ... wielding a +5 halberd
              (11 damage)
             ... on level 3 of the Dungeon.
             The game lasted 00:02:11 (2008 turns).

vineage the Covered (Gargoyle Fighter)              Turns: 2008, Time: 00:02:11

Health: -4/24      AC: 17    Str: 21    XL:     3   Next: 79%
Magic:  3/3        EV:  4    Int:  8    God:
Gold:   103        SH: 10    Dex:  9    Spells: 2/2 levels left

rFire   . . .      SeeInvis .   s - +6 war axe "Omigh" {vorpal, +Blink}
rCold   . . .      Faith    .   f - +2 kite shield {AC+3}
rNeg    + . .      Spirit   .   u - +0 plate armour
rPois   ∞          Reflect  .   (no helmet)
rElec   +          Harm     .   (no cloak)
rCorr   .          Rampage  .   (no gloves)
Will    .....                   (no boots)
Stlth   ..........              (no amulet)
HPRegen 0.08/turn               (no ring)
MPRegen 0.08/turn               (no ring)

@: mighty
A: sickness immunity, AC +3, negative energy resistance 1, electricity
resistance, torment resistance 1, petrification resistance
a: Evoke Blink


You were on level 3 of the Dungeon.
You visited 1 branch of the dungeon, and saw 3 of its levels.

You collected 103 gold pieces.

Inventory:

Hand Weapons
 a - a +0 flail
 k - a +0 whip of venom
 s - the +6 war axe "Omigh" (weapon) {vorpal, +Blink}
   (You found it on level 2 of the Dungeon)

   It inflicts extra damage upon your enemies.
   +Blink:    It lets you blink.
Armour
 b - a +0 scale mail
 c - a +0 buckler
 f - a +2 kite shield of protection (worn)
 u - a +0 plate armour (worn)
Potions
 e - a potion of brilliance {unknown}
 g - a potion of flight {unknown}
 h - a potion of cancellation {unknown}
 i - a potion of magic {unknown}
 j - a potion of ambrosia {unknown}
 o - 2 potions of curing {unknown}
 q - a potion of attraction {unknown}


   Skills:
 + Level 3.9 Fighting
 - Level 2.3 Maces & Flails
 + Level 3.9 Armour
 + Level 3.8 Shields


You had 2 spell levels left.
You didn't know any spells.
Your spell library contained the following spells:

 Spells                   Type           Power      Damage    Failure   Level
 Portal Projectile        Hex/Tloc       0%         N/A       100%        3
 Tukima's Dance           Hex            0%         N/A       100%        3
 Blade Hands              Tmut           0%         N/A       100%        5


Dungeon Overview and Level Annotations

Branches:
Dungeon (3/15)

Altars:

Shops:
D:1 ?


Innate Abilities, Weirdness & Mutations

You are immune to sickness and miasma.
Your stone body is resilient. (AC +3)
You are immune to poison.
You resist negative energy. (rN+)
You are resistant to electric shocks. (rElec)
You are resistant to unholy torment.
You are immune to petrification.


Message History

You see here a ball python corpse.
Found a leather armour.
You see here a +0 leather armour.
j - a pink potion 3 gnolls come into view.
A gnoll is wielding a +1 halberd of protection.
Found a stone staircase leading up.
The gnoll shouts! x3
A gnoll comes into view. It is wielding a +5 halberd.
The gnoll moves out of view.
There are monsters nearby!
You block the gnoll's attack.
A goblin comes into view. It is wielding a +0 dagger.
You block the gnoll's attack.
You hit the gnoll but do no damage. You block the gnoll's attack. x2
You barely miss the gnoll.
The gnoll hits you but does no damage. x2
You block the gnoll's attack.
You slash the gnoll!
You kill the gnoll!
The gnoll hits you from afar with a +5 halberd.
The gnoll hits you but does no damage.
The gnoll hits you from afar with a +1 halberd of protection.
You block the gnoll's attack. The gnoll hits you but does no damage.
You slash the gnoll!
You kill the gnoll!
You block the gnoll's attack.
The gnoll hits you from afar with a +1 halberd of protection.
You block the goblin's attack.
The gnoll hits you from afar with a +5 halberd!
* * * LOW HITPOINT WARNING * * *
The gnoll hits you but does no damage.
You aren't carrying any scrolls.
You feel very mighty all of a sudden. The goblin closely misses you.
You barely miss the goblin. The gnoll hits you but does no damage.
The goblin barely misses you.
You slice the goblin!!
You kill the goblin!
The gnoll hits you from afar with a +5 halberd!
You die...

#. #. #.# #####
####.############
.....<###.....#..........
.....gg)@.# #.#.#########
....#.###.# #...# #.. # #
#.###..########.#
#.....###...[.... ####.##
#.#####.# #.# #.# #....
#.# #.# #.#.# ##+##
#.###.#.#
##...###........


You could see 2 gnolls.

Vanquished Creatures
  2 gnolls (D:3)
  A dart slug (D:1)
  An endoplasm (D:1)
  3 goblins
  6 hobgoblins
  A quokka (D:2)
  3 ball pythons
  4 bats
  2 frilled lizards (D:1)
  4 kobolds
  5 rats (D:1)
32 creatures vanquished.

Notes
Turn   | Place    | Note
-------+----------+-------------------------------------------
     0 | D:1      | vineage the Gargoyle Fighter began the quest for the Orb.
     0 | D:1      | Reached XP level 1. HP: 14/14 MP: 1/1
   174 | D:1      | Found Niskef's Magic Scroll Shoppe.
   282 | D:1      | Reached XP level 2. HP: 19/19 MP: 2/2
  1009 | D:1      | Found a faded altar of an unknown god.
  1246 | D:2      | Reached XP level 3. HP: 23/23 MP: 3/3
  1489 | D:2      | Identified the +6 war axe "Omigh" {vorpal, +Blink}
  1577 | D:2      | Identified a scroll of acquirement
  1577 | D:2      | Acquired a +2 kite shield of protection
  2008 | D:3      | Slain by a gnoll

Illustrated notes

Levels and vault maps discovered:
D:1:      psy_arrival_fountain, layout_basic, serial_shops, shop_scrolls,
          dilly_ecumenical_altar_fadedgnrine, chequers_serial_rivers_room_a
D:2:      layout_basic
D:3:      layout_loops_corners, uniq_robin

Action                   || total
-------------------------++-------
Melee: Flail             ||    35
       Whip              ||    28
       War axe           ||    15
  Use: Scroll            ||     9
       Potion            ||     1
Armor: Scale mail        ||    33
       Plate armour      ||    12
Dodge: Dodged            ||    32
Block: Buckler           ||    13
       Kite shield       ||    13

Table legend: (Time is in decaauts)
 A = Elapsed time spent in this place.
 B = Non-inter-level travel time spent in this place.
 C = Inter-level travel time spent in this place.
 D = Time resting spent in this place.
 E = Time spent auto-exploring this place.
 F = Levels seen in this place.
 G = Mean time per level.
                   A        B        C        D        E       F      G
               +--------+--------+--------+--------+--------+-----+--------+
         Total |   2026 |   1941 |     85 |      0 |   1679 |   3 |  675.3 |
       Dungeon |   2026 |   1941 |     85 |      0 |   1679 |   3 |  675.3 |
               +--------+--------+--------+--------+--------+-----+--------+

Top non-repeatable levels by time:
     D:1: 1081 daAuts
     D:2: 814 daAuts
     D:3: 131 daAuts
